 Dungeon Crawl Stone Soup version 0.27-a0-965-gbf8bb431c4 (webtiles) character file.

Game seed: 3743545813957058290

10317 jestyr24 the Slicer (level 11, 0/97 HPs)
             Began as a Deep Dwarf Fighter on Apr 12, 2021.
             Was a Priest of Trog.
             Slain by a seven-headed hydra (4 damage)
             ... on level 10 of the Dungeon.
             The game lasted 01:13:36 (12680 turns).

jestyr24 the Slicer (Deep Dwarf Fighter)           Turns: 12680, Time: 01:13:37

Health: 0/97       AC: 18    Str: 23    XL:     11   Next: 34%
Magic:  5/5        EV: 13    Int: 15    God:    Trog [***...]
Gold:   658        SH: 12    Dex: 20    Spells: 10/10 levels left

rFire    x . .     SeeInvis .   i - +7 dagger of the Tundras {vorpal, +Blink rF- rC+ Dex+8}
rCold    + . .     Faith    .   c - +0 kite shield
rNeg     . . .     Spirit   .   r - +0 chain mail
rPois    .         Reflect  .   G - +2 hat
rElec    .         Harm     .   u - +1 cloak
rCorr    .         Rampage  .   q - +0 pair of gloves
Will     +....                  J - +0 pair of boots
Stlth    ..........             (no amulet)
HPRegen  0.00/turn              e - +4 ring of evasion
MPRegen  0.09/turn              m - +6 ring of intelligence

@: non-regenerating
A: damage resistance, heal wounds, sense surroundings 2, no regeneration, horns
1, screaming 1
a: Heal Wounds, Renounce Religion, Evoke Blink, Berserk, Trog's Hand


You were on level 10 of the Dungeon.
You worshipped Trog.
Trog was most pleased with you.
You visited 2 branches of the dungeon, and saw 12 of its levels.
You also visited: Ossuary.

You collected 658 gold pieces.

Inventory:

Hand Weapons
 b - the +7 shortbow of Beogh's Inspiration {vorpal, Int-3 Dex+7}
   (You found it on level 7 of the Dungeon)

   Any arrow fired from it inflicts extra damage.
   It affects your intelligence (-3).
   It affects your dexterity (+7).
 g - a +0 war axe
 i - the +7 dagger of the Tundras (weapon) {vorpal, +Blink rF- rC+ Dex+8}
   (You found it on level 8 of the Dungeon)

   It inflicts extra damage upon your enemies.
   It affects your dexterity (+8).
   It makes you vulnerable to fire.
   It protects you from cold.
   It lets you blink.
 k - a +0 battleaxe
 w - a +2 halberd of protection
 M - a +6 dagger
 N - a +5 long sword
Missiles
 v - a throwing net
 B - 5 javelins
 H - 77 arrows
 I - 3 curare-tipped darts
Armour
 c - a +0 kite shield (worn)
 j - +0 steam dragon scales
 q - a +0 pair of gloves (worn)
 r - a +0 chain mail (worn)
 u - a +1 cloak (worn)
 G - a +2 hat (worn)
 J - a +0 pair of boots (worn)
Jewellery
 a - a ring of protection from cold
 e - a +4 ring of evasion (left hand)
 m - a +6 ring of intelligence (right hand)
 y - an amulet of guardian spirit
Wands
 A - a wand of iceblast (20)
 E - a wand of mindburst (8)
 F - a wand of paralysis (8)
 L - a wand of flame (49)
Scrolls
 h - 7 scrolls of teleportation
 o - 6 scrolls of magic mapping
 z - 2 scrolls of enchant weapon
 D - 2 scrolls of blinking
 O - a scroll of enchant armour
 Q - a scroll of fog
Potions
 d - 3 potions of might
 f - 8 potions of curing
 l - 2 potions of haste
 p - 2 potions of berserk rage
 s - a potion of lignification
 t - 2 potions of invisibility
 x - 2 potions of magic
 C - 2 potions of heal wounds
 K - a potion of resistance
 P - a potion of flight
Miscellaneous
 n - a tin of tremorstones (inert)


   Skills:
 + Level 5.8 Fighting
 - Level 10.3 Short Blades
 - Level 4.3 Axes
 + Level 9.0 Armour
 + Level 3.7 Dodging
 + Level 5.0 Stealth
 + Level 7.7 Shields
 * Level 6.6 Evocations


You had 10 spell levels left.
You didn't know any spells.
Your spell library contained the following spells:

 Spells                   Type           Power      Damage    Failure   Level
 Cause Fear               Hex            0%         N/A       100%        4
 Silence                  Hex/Air        0%         N/A       100%        5
 Yara's Violent Unravell  Hex/Tmut       0%         3d3       100%        5
 Discord                  Hex            0%         N/A       100%        8


Dungeon Overview and Level Annotations

Branches:
Dungeon (11/15)            Temple (1/1) D:4            Lair (0/6) D:10
    Orc (0/2) D:9         Ossuary (visited)

Altars:
Ashenzari
Cheibriados
Dithmenos
Elyvilon
Fedhas
Gozag
Hepliaklqana
Kikubaaqudgha
Makhleb
Nemelex Xobeh
Okawaru
Qazlal
Ru
Sif Muna
Trog
Uskayaw
Vehumet
Wu Jian
Xom
Yredelemnul
Zin
The Shining One

Shops:
D:10 :[


Innate Abilities, Weirdness & Mutations

You are resistant to damage.
You can heal yourself by infusing magical energy.
You passively map the area around you.
You do not regenerate.
You have a pair of small horns on your head.
You occasionally shout uncontrollably at your foes.


Message History

You hit the seven-headed hydra.
Your headbutt misses the seven-headed hydra.
The seven-headed hydra is lightly wounded.
The seven-headed hydra barely misses you.
The seven-headed hydra bites you but does no damage.
The seven-headed hydra misses you. The seven-headed hydra bites you.
* * * LOW HITPOINT WARNING * * *
The seven-headed hydra closely misses you.
You block the seven-headed hydra's attack.
The seven-headed hydra bites you but does no damage.
You hit the seven-headed hydra.
The seven-headed hydra is moderately wounded.
You puncture the seven-headed hydra! You headbutt the seven-headed hydra!
The seven-headed hydra is heavily wounded.
The seven-headed hydra barely misses you.
The seven-headed hydra bites you but does no damage.
The seven-headed hydra completely misses you.
The seven-headed hydra closely misses you.
The seven-headed hydra bites you.
* * * LOW HITPOINT WARNING * * *
The seven-headed hydra bites you but does no damage.
The seven-headed hydra misses you.
You hit the seven-headed hydra.
The seven-headed hydra is heavily wounded.
The seven-headed hydra misses you.
You block the seven-headed hydra's attack.
The seven-headed hydra bites you.
The seven-headed hydra bites you but does no damage. x4
Unknown command.
You puncture the seven-headed hydra! You headbutt the seven-headed hydra!
The seven-headed hydra is severely wounded.
You puncture the seven-headed hydra!
The seven-headed hydra is almost dead.
You block the seven-headed hydra's attack.
The seven-headed hydra closely misses you.
The seven-headed hydra bites you!
* * * LOW HITPOINT WARNING * * *
You block the seven-headed hydra's attack.
The seven-headed hydra bites you!
You die...

#...............#
#...............#
#.......<.......###
#.................#
#.................#
#....##'#########.####
#....#..........#....#
#####..[.#..........#....#
.........#......@...#....#
.........#.....D....#....###
)........+..........#......#
.........#..........#......#
.......###..........#......#
.......#.........####....###
.......#########.#.......#
...............#.#.......#
......####.....'.#.......#


You could see a seven-headed hydra.

Vanquished Creatures
  A two-headed ogre (D:10)
  Maurice (D:9)
  Joseph (D:10)
  Maggie (D:8)
  A freezing wraith (D:10)
  Prince Ribbit (D:7)
  A hornet (D:10)
  Sigmund (D:6)
  A vampire (D:10)
  A water elemental (D:11)
  A wraith (D:10)
  6 yaks
  Eustachio (D:4)
  A steam dragon (D:9)
  3 vampire mosquitoes
  An acid dragon (D:10)
  3 water moccasins
  A sky beast (D:7)
  Duvessa (D:4)
  3 black bears
  3 ogres
  7 orc warriors
  2 ice beasts
  4 necrophages
  4 centaurs
  2 phantoms (D:6)
  4 kobold brigands
  4 bullfrogs
  An elf zombie (Ossuary)
  A wyvern zombie (D:6)
  3 scorpions
  Dowan (D:4)
  14 wights
  An electric eel (D:11)
  2 howler monkeys
  2 jellies (D:7)
  4 centaur zombies
  4 hounds
  2 centaur skeletons
  A human zombie (Ossuary)
  5 orc priests
  6 iguanas
  Jessica (D:2)
  8 orc wizards
  2 killer bee zombies
  A hound skeleton (D:5)
  2 mummies (Ossuary)
  4 gnolls
  7 adders
  4 shadow imps
  2 white imps
  2 ufetubi
  2 adder zombies (Ossuary)
  2 worms
  2 dart slugs (D:3)
  41 orcs
  12 ball pythons
  4 endoplasms
  2 giant cockroaches (D:1)
  5 goblins
  5 hobgoblins
  11 jackals
  4 quokkas
  8 bats
  4 frilled lizards
  2 goblin zombies (Ossuary)
  14 hobgoblin zombies (Ossuary)
  A jackal zombie (Ossuary)
  15 kobolds
  6 kobold zombies (Ossuary)
  6 orc zombies (Ossuary)
  5 rats (D:1)
  2 rat zombies (Ossuary)
294 creatures vanquished.

Vanquished Creatures (others)
  7 fungi (D:10)
  9 plants (D:10)
16 creatures vanquished.

Grand Total: 310 creatures vanquished

Notes
Turn   | Place    | Note
-------+----------+-------------------------------------------
     0 | D:1      | jestyr24 the Deep Dwarf Fighter began the quest for the
                  | Orb.
     0 | D:1      | Reached XP level 1. HP: 20/20 MP: 1/1
   176 | D:1      | Found a faded altar of an unknown god.
   366 | D:1      | Reached XP level 2. HP: 27/27 MP: 2/2
  1311 | D:2      | You fall into a shaft and drop 1 floor!
  1317 | D:3      | Reached XP level 3. HP: 24/34 MP: 3/3
  1569 | D:2      | Noticed Jessica
  1574 | D:2      | Killed Jessica
  1605 | D:2      | Reached skill level 1 in Stealth
  1605 | D:2      | Reached XP level 4. HP: 29/42 MP: 4/4
  2265 | D:3      | Reached skill level 1 in Dodging
  2265 | D:3      | Reached XP level 5. HP: 45/49 MP: 5/5
  3296 | D:4      | Found a white marble altar of Elyvilon.
  3420 | D:4      | Noticed Dowan
  3460 | D:4      | Killed Dowan
  3461 | D:4      | Reached XP level 6. HP: 23/56 MP: 6/6
  3469 | D:4      | Noticed Duvessa
  3477 | D:4      | HP: 2/56 [Duvessa/+2 short sword of speed (13)]
  3487 | D:4      | Gained mutation: You occasionally shout uncontrollably at
                  | your foes. [potion of mutation]
  3487 | D:4      | Gained mutation: You have a pair of small horns on your
                  | head. [potion of mutation]
  3494 | D:4      | Killed Duvessa
  3742 | D:4      | Noticed Eustachio
  3754 | D:4      | Killed Eustachio
  3779 | D:4      | Found a staircase to the Ecumenical Temple.
  3784 | D:4      | Reached XP level 7. HP: 32/62 MP: 6/6
  3786 | Temple   | Entered the Ecumenical Temple
  4151 | D:5      | Entered Level 5 of the Dungeon
  4335 | D:5      | Reached skill level 5 in Armour
  4400 | D:5      | Reached skill level 5 in Stealth
  4422 | D:5      | Reached skill level 5 in Shields
  4457 | D:5      | Reached skill level 1 in Evocations
  4525 | D:5      | Found a sparkling altar of Nemelex Xobeh.
  4527 | D:5      | Found a bloodstained altar of Trog.
  4538 | D:5      | Became a worshipper of Trog the Wrathful
  4821 | D:5      | Found a stormy altar of Qazlal.
  4822 | D:5      | Found a broken altar of Ashenzari.
  4822 | D:5      | Found a snail-covered altar of Cheibriados.
  4822 | D:5      | Found a burning altar of Makhleb.
  4828 | D:5      | Found an ancient bone altar of Kikubaaqudgha.
  4828 | D:5      | Found a glowing silver altar of Zin.
  5002 | D:6      | Reached XP level 8. HP: 45/72 MP: 6/6
  5292 | D:6      | Reached * piety under Trog
  5375 | D:6      | Found a sand-covered staircase.
  5384 | Ossuary  | Entered an ossuary
  5503 | Ossuary  | Reached ** piety under Trog
  6073 | D:6      | Noticed Sigmund
  6075 | D:6      | Killed Sigmund
  6211 | D:6      | Reached skill level 5 in Fighting
  6211 | D:6      | Gained mutation: You passively map the area around you.
                  | [Deep Dwarf growth]
  6211 | D:6      | Reached XP level 9. HP: 38/81 MP: 7/7
  6662 | D:7      | Reached skill level 5 in Evocations
  6695 | D:7      | HP: 4/81 [orc warrior/+0 glaive (9)]
  6947 | D:7      | Reached skill level 1 in Short Blades
  7165 | D:7      | Noticed Prince Ribbit
  7176 | D:7      | Killed Prince Ribbit
  7177 | D:7      | Reached skill level 2 in Short Blades
  7235 | D:7      | Reached skill level 3 in Short Blades
  7426 | D:7      | Identified the +7 shortbow of Beogh's Inspiration {vorpal,
                  | Int-3 Dex+7}
  7489 | D:7      | Reached skill level 4 in Short Blades
  7637 | D:7      | Reached skill level 5 in Short Blades
  7714 | D:7      | Reached skill level 6 in Short Blades
  7890 | D:7      | Reached XP level 10. HP: 56/88 MP: 6/6
  9185 | D:8      | Reached skill level 7 in Short Blades
  9377 | D:8      | Found a hazy altar of Hepliaklqana.
  9412 | D:8      | Reached *** piety under Trog
  9414 | D:8      | Identified the +7 dagger of the Tundras {vorpal, +Blink rF-
                  | rC+ Dex+8}
  9527 | D:8      | Noticed Maggie
  9546 | D:8      | Killed Maggie
  9977 | D:9      | Reached skill level 8 in Short Blades
 10008 | D:9      | Noticed Maurice
 10024 | D:9      | Killed Maurice
 10273 | D:9      | Found a staircase to the Orcish Mines.
 10327 | D:9      | Reached skill level 9 in Short Blades
 10676 | D:9      | Reached **** piety under Trog
 11115 | D:10     | Entered Level 10 of the Dungeon
 11309 | D:10     | Reached skill level 10 in Short Blades
 11524 | D:10     | Reached XP level 11. HP: 52/96 MP: 6/6
 11753 | D:10     | Noticed a two-headed ogre
 11765 | D:10     | Killed a two-headed ogre
 11908 | D:10     | Paralysed by a hornet for 2 turns
 12004 | D:10     | Noticed Joseph
 12018 | D:10     | Killed Joseph
 12180 | D:10     | Found Qaamma's Antique Armour Shoppe.
 12231 | D:10     | Found a staircase to the Lair.
 12365 | D:10     | Found Fufail's Book Boutique.
 12648 | D:11     | Noticed a seven-headed hydra
 12680 | D:10     | HP: 4/97 [seven-headed hydra (7)]
 12680 | D:10     | Slain by a seven-headed hydra

Illustrated notes

Levels and vault maps discovered:
D:1:      dpeg_cavernosity, layout_basic, serial_co_window_serial,
          co_window_of_opportunity_a, co_window_corner_a, co_window_corner_a,
          co_window_paths_b, co_window_corner_a, co_window_broadway_b,
          co_window_cross_3, co_window_2corner, co_window_paths_c,
          co_window_paths_d, hellmonk_ecumenical_altar_inner_sanctum, hex_tiny
D:2:      layout_basic, minmay_snake_closets, uniq_jessica
D:3:      layout_loops_corners, minmay_misc_feat_columns
D:4:      layout_cave_pools, elyvilon_altar_1, temple_green,
          kennysheep_generic_room_14, uniq_duvessa, uniq_eustachio
D:5:      layout_basic, minmay_overflow_temple_hex,
          chequers_temple_overflow_statue_of_worship
D:6:      layout_loops_ring, lightli_ossuary_entry_decrepit_ruins,
          minmay_starry_boxes, uniq_sigmund
D:7:      minmay_thinvault, layout_gridville, st_stairs_8, nrook_mini_vaults,
          uniq_prince_ribbit1
D:8:      layout_basic, nzn_hepliaklqana_mist_gate, fountainhead, uniq_maggie
D:9:      layout_loops_ring, david_orc_2, serial_aquarium,
          aquarium_bridge_long_joined [aquarium_subvault_wall,
          aquarium_subvault_wall, aquarium_subvault_bridge,
          aquarium_subvault_window, aquarium_subvault_wall,
          aquarium_subvault_wall], aquarium_window_2, aquarium_window_2,
          aquarium_view_2d, aquarium_view_2f, aquarium_balcony_1a,
          aquarium_pool_side, grunt_decor_clamped, uniq_maurice
D:10:     layout_irregular_city, grunt_lair_entry_orc_guard_hut, serial_shops,
          nicolae_shop_window_shopping, nicolae_shop_trees, uniq_joseph
D:11:     erik_rubicon_a, layout_loops_ring
Temple:   minmay_temple_bridge_abc

Skill      XL: |  1  2  3  4  5  6  7  8  9 10 11 |
---------------+----------------------------------+-----
Fighting       | 3 4 5 |  5.8
Axes           | 3 4 |  4.3
Stealth        | 1 3 4 5 |  5.0
Dodging        | 1 2 3 |  3.7
Shields        | 4 5 6 7 |  7.7
Armour         | 4 5 7 9 |  9.0
Evocations     | 2 4 5 6 |  6.6
Short Blades   | 6 10 | 10.3

Action                   |  1- 3 |  4- 6 |  7- 9 | 10-12 || total
-------------------------+-------+-------+-------+-------++-------
Melee: War axe           |   106 |   163 |       |       ||   269
       Short sword       |       |    16 |   580 |   134 ||   730
       Headbutt          |       |     6 |   128 |   152 ||   286
       Dagger            |       |       |       |   363 ||   363
Invok: Trog's Hand       |       |       |     5 |    10 ||    15
       Berserk           |       |       |     2 |       ||     2
 Abil: Heal Wounds       |       |     5 |     6 |     2 ||    13
Evoke: Wand              |       |       |    14 |     5 ||    19
       Tin of tremorston |       |       |       |     2 ||     2
  Use: Scroll            |       |     5 |     8 |     4 ||    17
       Potion            |       |     5 |     4 |     8 ||    17
Armor: Scale mail        |    45 |    28 |       |       ||    73
       Chain mail        |       |    50 |   176 |   174 ||   400
Dodge: Dodged            |    50 |    93 |   212 |   189 ||   544
Block: Kite shield       |    70 |   114 |   214 |    82 ||   480

Table legend: (Time is in decaauts)
 A = Elapsed time spent in this place.
 B = Non-inter-level travel time spent in this place.
 C = Inter-level travel time spent in this place.
 D = Time resting spent in this place.
 E = Time spent auto-exploring this place.
 F = Levels seen in this place.
 G = Mean time per level.
                   A        B        C        D        E       F      G
               +--------+--------+--------+--------+--------+-----+--------+
         Total |  12577 |  11897 |    680 |   2136 |   6021 |  13 |  967.5 |
       Dungeon |  11922 |  11260 |    662 |   1998 |   5825 |  11 | 1083.8 |
        Temple |    216 |    198 |     18 |      0 |    171 |   1 |  216.0 |
       Ossuary |    438 |    438 |      0 |    138 |     25 |   1 |  438.0 |
               +--------+--------+--------+--------+--------+-----+--------+

Top non-repeatable levels by time:
     D:7: 1442 daAuts
     D:1: 1411 daAuts
     D:9: 1373 daAuts
     D:5: 1267 daAuts
    D:10: 1199 daAuts
     D:6: 1175 daAuts
     D:2: 1135 daAuts
     D:3: 1101 daAuts
     D:4: 924 daAuts
     D:8: 703 daAuts
 Ossuary: 438 daAuts
  Temple: 216 daAuts
    D:11: 186 daAuts
